 Dungeon Crawl Stone Soup version 0.28.0 (webtiles) character file.

Game seed: 6405939915015287914

105 GrayStillPlays the Skirmisher (level 5, -2/42 HPs)
             Began as a Formicid Abyssal Knight on Feb 11, 2022.
             Was a Follower of Lugonu.
             Succumbed to a gnoll's poison
             ... on level 4 of the Dungeon.
             The game lasted 00:07:38 (3792 turns).

GrayStillPlays the Skirmisher (FoAK)                Turns: 3792, Time: 00:07:39

Health: -2/42      AC:  4    Str: 17    XL:     5   Next: 8%
Magic:  7/7        EV: 11    Int: 12    God:    Lugonu [*.....]
Gold:   110        SH:  0    Dex: 11    Spells: 4/4 levels left

rFire   . . .      SeeInvis +   p - +0 war axe (vamp) {axe}
rCold   . . .      Faith    .   (no shield)
rNeg    . . .      Spirit   .   b - +0 leather armour
rPois   .          Reflect  .   (helmet unavailable)
rElec   .          Harm     .   k - +0 cloak
rCorr   +          Rampage  .   (no gloves)
Will    .....                   (no boots)
Stlth   +.........              (no amulet)
HPRegen 0.14/turn               n - ring of resist corrosion
MPRegen 0.10/turn               (no ring)

@: lethally poisoned (-2 -> -24)
A: permanent stasis, dig shafts and tunnels, antennae 3, four strong arms
a: Dig, Shaft Self, Renounce Religion, Depart the Abyss


You were on level 4 of the Dungeon.
You worshipped Lugonu.
Lugonu was aware of your devotion.
You visited 1 branch of the dungeon, and saw 4 of its levels.
You visited the Abyss 1 time.

You collected 110 gold pieces.


Innate Abilities, Weirdness & Mutations

You cannot be hasted, slowed, berserked, paralysed or teleported.
You can dig through walls and to a lower floor.
You have a pair of large antennae on your head. (SInv)
Your four strong arms can wield two-handed weapons with a shield.


   Skills:
 + Level 4.0 Fighting
 + Level 2.7 Axes
 + Level 3.0 Armour
 + Level 1.8 Dodging
 + Level 3.2 Invocations


You had 4 spell levels left.
You didn't know any spells.
Your spell library contained the following spells:

 Spells                   Type           Power      Damage    Failure   Level
 Animate Skeleton         Necr           0%         N/A       36%         1
 Apportation              Tloc           0%         N/A       36%         1
 Summon Small Mammal      Summ           0%         N/A       36%         1
 Gell's Gravitas          Tloc           0%         N/A       75%         3
 Lesser Beckoning         Tloc           0%         N/A       75%         3
 Teleport Other           Tloc           0%         N/A       75%         3

Inventory:

Hand Weapons
 a - a +1 hand axe {axe}
 p - a +0 vampiric war axe (weapon) {axe}
   (You found it on level 3 of the Dungeon)
Missiles
 c - 89 stones (quivered) {throwing}
 e - 5 javelins {throwing}
 g - a throwing net {=f!fthrowing}
 q - 6 boomerangs {throwing}
Armour
 b - a +0 leather armour (worn)
 k - a +0 cloak (worn)
   (You found it on level 2 of the Dungeon)
Magical Staves
 m - a staff of air {!astaff}
   (You found it on level 3 of the Dungeon)
Jewellery
 n - a ring of resist corrosion (left hand)
   (You found it on level 3 of the Dungeon)
Scrolls
 d - 2 scrolls of amnesia
 f - a scroll of teleportation {@r4}
 j - a scroll of identify {@r1}
Potions
 o - 2 potions of brilliance

Dungeon Overview and Level Annotations

Branches:
Dungeon (4/15)
 Temple: D:4-7

Altars:
Qazlal

#.................
#.................
#.................
#................
#g######........
#g# ....... #.#
...... #.# ....
#@# #.# #.# #.#
#.# #.# #.# #.#
#S#


You could see 2 gnolls.


Message History

You take 1 damage, and now have 19/37 hp. 😮 HP[+1] 😮 HP[+1]
You hear the slow rusting of a very distant drain. 😮 HP[+1]
A gnoll comes into view. It is wielding a +0 halberd.
The gnoll shouts!
You hear a shout!
A gnoll comes into view.
It is wielding a +2 spear of venom. 😮 HP[+1] Throw: 3 darts (poison) {throwing}
Press: ? - help, Q - select action, (/) - cycle Shift-Dir - straight line You can't see that place. [the floor.]
You can't see that place.
Okay, then.
Throw: 3 darts (poison) {throwing}
Press: ? - help, Q - select action, (/) - cycle Shift-Dir - straight line, f - gnoll
Aim: a gnoll, wielding a +0 halberd (60% to hit)
You throw a poisoned dart {throwing}.
The poisoned dart {throwing} hits the gnoll.
The gnoll is poisoned.
Throw: 2 darts (poison) {throwing}
Press: ? - help, Q - select action, (/) - cycle Shift-Dir - straight line, f/p - gnoll
Aim: a gnoll, wielding a +0 halberd (poisoned, 60% to hit)
You throw a poisoned dart {throwing}.
The poisoned dart {throwing} hits the gnoll.
The gnoll looks even sicker.
Throw: dart (poison) {throwing}
Press: ? - help, Q - select action, (/) - cycle Shift-Dir - straight line, f/p - gnoll
Aim: a gnoll, wielding a +0 halberd (very poisoned, 60% to hit)
You throw a poisoned dart {throwing}.
The poisoned dart {throwing} closely misses the gnoll. 😮 HP[+1]
The gnoll misses you.
You slash the gnoll!
You feel better.
You kill the gnoll!
Lugonu accepts your kill.
Your Fighting skill increases to level 4!
You have reached level 5! 😮 HP[+7] MP[+1]
You now have 42 max hp (+5).
You regained 7 hp, and now have 31/42 hp.
Your mp is fully restored (7). 😕 HP[+1] 😕 HP[+1]
A gnoll comes into view. It is wielding a +0 halberd.
The gnoll shouts! 😕 HP[+1] Why would you want to do that?
You hear the slow rusting of a very distant drain. 😕 HP[+1] 😕 HP[+1] 😕 HP[+1]
A ball python comes into view. 😕 HP[+1]
The gnoll completely misses you.
The gnoll hits you from afar with a +0 halberd.
The gnoll hits you with a +2 spear of venom!
You are poisoned. 😮 HP[-15]
You take 15 damage, and now have 23/42 hp.
MASSIVE DAMAGE!! (PAUSE)
You hit the gnoll.
You feel better.
You feel very sick. The gnoll barely misses you.
The gnoll hits you with a +2 spear of venom.
* * * LOW HITPOINT WARNING * * *
You are more poisoned.
The gnoll barely misses you. 😨 HP[-8]
You take 8 damage, and now have 15/42 hp.
You feel better.
The gnoll hits you with a +2 spear of venom!
* * * LOW HITPOINT WARNING * * *
You are lethally poisoned!
The gnoll closely misses you.
You feel much better.
You feel very sick.
The gnoll hits you with a +2 spear of venom.
You are more poisoned.
The gnoll hits you from afar with a +0 halberd. 😮 HP[+11]
You regained 11 hp, and now have 26/42 hp.
You closely miss the gnoll.
You feel very sick.
The gnoll hits you with a +2 spear of venom.
* * * LOW HITPOINT WARNING * * *
The gnoll barely misses you.
The gnoll hits you with a +2 spear of venom!
* * * LOW HITPOINT WARNING * * *
You are more poisoned. 😱 HP[-17]
You take 17 damage, and now have 9/42 hp.
MASSIVE DAMAGE!! (PAUSE)
* * * LOW HITPOINT WARNING * * *
You feel very sick. The gnoll closely misses you. 😱 HP[-6]
You take 6 damage, and now have 3/42 hp.
You die...

Skill      XL: |  1  2  3  4 |
---------------+-------------+-----
Dodging        | 1 |  1.8
Invocations    | 3 |  3.2
Armour         | 3 |  3.0
Fighting       | 4 |  4.0
Axes           | |  2.7

Action                   |  1- 3 |  4- 6 || total
-------------------------+-------+-------++-------
Melee: Hand axe          |    85 |    15 ||   100
       Punch             |     1 |     2 ||     3
       War axe           |       |    48 ||    48
Throw: Dart              |       |     3 ||     3
Invok: Depart the Abyss  |     1 |       ||     1
  Use: Scroll            |       |     7 ||     7
       Potion            |       |     2 ||     2
Armor: Leather armour    |    17 |    24 ||    41
Dodge: Dodged            |    41 |    47 ||    88

Levels and vault maps discovered:
D:1:      dpeg_arrival_castle, layout_loops_ring, nrook_campfire,
          minmay_quantized
D:2:      layout_basic, serial_curves, eino_curves_02, eino_curves_03
D:3:      layout_basic
D:4:      layout_basic, nicolae_qazlal_general_emergency, portal_sewer_entry_e,
          hangedman_decor_push, nzn_random_ring

Notes
Turn   | Place    | Note
-------+----------+-------------------------------------------
     0 | Abyss:1  | GrayStillPlays the Formicid Abyssal Knight began the quest
                  | for the Orb.
     0 | Abyss:1  | Reached XP level 1. HP: 18/18 MP: 2/2
     0 | Abyss:1  | magus.rc [v1.9.6]
    10 | Abyss:1  | Found a corrupted altar of Lugonu.
    96 | Abyss:1  | Noticed a smoke demon
    98 | Abyss:1  | HP: 3/18 [something/ball of steam (15)]
    99 | D:1      | You pass through the gate.
    99 | D:1      | Escaped the Abyss
   629 | D:1      | Reached skill level 1 in Dodging
   866 | D:1      | Reached XP level 2. HP: 24/24 MP: 3/3
  1121 | D:1      | Reached * piety under Lugonu
  1487 | D:1      | Reached XP level 3. HP: 29/29 MP: 4/4
  2395 | D:2      | You pick up a book of Displacement and begin reading...
  2395 | D:2      | You add the spells Lesser Beckoning, Gell's Gravitas and
                  | Teleport Other to your library.
  2401 | D:2      | Reached XP level 4. HP: 37/37 MP: 6/6
  3163 | D:3      | You pick up a book of Cantrips and begin reading...
  3163 | D:3      | You add the spells Animate Skeleton, Summon Small Mammal
                  | and Apportation to your library.
  3261 | D:3      | Reached skill level 3 in Invocations
  3632 | D:4      | Found a stormy altar of Qazlal.
  3673 | D:4      | Reached skill level 3 in Armour
  3740 | D:4      | Reached skill level 4 in Fighting
  3740 | D:4      | Reached XP level 5. HP: 31/42 MP: 7/7
  3790 | D:4      | HP: 9/42 [gnoll (9)]
  3791 | D:4      | HP: 3/42 [poisoned by a gnoll]
  3792 | D:4      | Succumbed to a gnoll's poison

Vanquished Creatures
  2 gnolls
  3 adders
  An ufetubus (D:4)
  A dart slug (D:2)
  An orc (D:4)
  A bat (D:3)
  4 endoplasms
  A giant cockroach (D:1)
  6 goblins
  9 hobgoblins
  6 kobolds
  3 quokkas
  A ball python (D:2)
  7 frilled lizards
  3 rats
49 creatures vanquished.

Table legend:
 A = Non-vault XP
 B = Vault XP
 C = Vault XP percentage of total XP
 D = Non-vault monster count
 E = Vault monster count
 F = Vault count percentage of total count
                 A         B        C        D         E       F
            +---------+---------+-------+---------+---------+-------
      Total |     130 |      20 |  13.3 |      44 |       5 |  10.2
            +---------+---------+-------+---------+---------+-------
        D:1 |      31 |      20 |  39.2 |      18 |       5 |  21.7
        D:2 |      30 |       0 |   0.0 |      10 |       0 |   0.0
        D:3 |      25 |       0 |   0.0 |       9 |       0 |   0.0
        D:4 |      44 |       0 |   0.0 |       7 |       0 |   0.0
            +---------+---------+-------+---------+---------+-------

Illustrated notes

Table legend:
 A = Kills in this place as a percentage of kills in entire the game.
 B = Kills by you in this place as a percentage of kills by you in the entire game.
 C = Kills by friends in this place as a percentage of kills by friends in the entire game.
 D = Other kills in this place as a percentage of other kills in the entire game.
 E = Experience gained in this place as a percentage of experience gained in the entire game.
 F = Experience gained in this place divided by the number of levels of this place that you have seen.
                   A       B       C       D       E      F
               +-------+-------+-------+-------+-------+----------------------
         Total | 100.0 | 100.0 |   N/A |   N/A | 100.0 |  30.0
       Dungeon | 100.0 | 100.0 |   N/A |   N/A | 100.0 |  37.5
               +-------+-------+-------+-------+-------+----------------------

Table legend: (Time is in decaauts)
 A = Elapsed time spent in this place.
 B = Non-inter-level travel time spent in this place.
 C = Inter-level travel time spent in this place.
 D = Time resting spent in this place.
 E = Time spent auto-exploring this place.
 F = Levels seen in this place.
 G = Mean time per level.
                   A        B        C        D        E       F      G
               +--------+--------+--------+--------+--------+-----+--------+
         Total |   3833 |   3691 |    142 |    374 |   2686 |   5 |  766.6 |
       Dungeon |   3730 |   3588 |    142 |    374 |   2662 |   4 |  932.5 |
         Abyss |    102 |    102 |      0 |      0 |     24 |   1 |  102.0 |
               +--------+--------+--------+--------+--------+-----+--------+

Top non-repeatable levels by time:
     D:1: 1739 daAuts
     D:3: 971 daAuts
     D:2: 838 daAuts
     D:4: 181 daAuts
 Abyss:1: 102 daAuts
